 Dungeon Crawl Stone Soup version 0.25.1-2-g60ff931df9 (webtiles) character file.

Game seed: 15896028679775314874

740 gruber the Covered (level 7, -12/61 HPs)
             Began as a Minotaur Fighter on Dec 3, 2020.
             Mangled by an ogre
             ... wielding a +0 giant club
              (21 damage)
             ... on level 5 of the Dungeon.
             The game lasted 00:02:53 (4809 turns).

gruber the Covered (Minotaur Fighter)               Turns: 4809, Time: 00:02:54

Health: -12/61     AC: 11    Str: 23    XL:     7   Next: 46%
Magic:  6/6        EV:  9    Int:  5    God:
Gold:   287        SH:  9    Dex:  9    Spells: 6/6 levels left

rFire    . . .     SeeInvis .   a - +0 long sword
rCold    . . .     Gourm    .   c - +0 kite shield
rNeg     . . .     Faith    .   b - +0 scale mail
rPois    .         Spirit   .   j - +2 hat
rElec    .         Reflect  .   k - +0 cloak
rCorr    .         Harm     .   (no gloves)
MR       .....                  (no boots)
Stlth    ..........             (no amulet)
HPRegen  0.20/turn              r - ring of flight
MPRegen  0.10/turn              E - ring of wizardry

@: mighty
A: retaliatory headbutt, horns 2
a: Evoke Flight


You were on level 5 of the Dungeon.
You were not hungry.

You visited 1 branch of the dungeon, and saw 6 of its levels.

You collected 287 gold pieces.

Inventory:

Hand Weapons
 a - a +0 long sword (weapon)
Missiles
 z - 5 atropa-tipped darts (quivered)
Armour
 b - a +0 scale mail (worn)
 c - a +0 kite shield (worn)
 j - a +2 hat (worn)
 k - a +0 cloak (worn)
Jewellery
 r - a ring of flight (left hand)
 y - an uncursed ring of see invisible {unknown}
 E - a ring of wizardry (right hand)
Wands
 l - a wand of enslavement (12)
 q - a wand of polymorph (1)
 s - a wand of random effects (17)
 t - a wand of disintegration (13)
Scrolls
 e - 6 scrolls of remove curse {unknown}
 g - 9 scrolls of identify {unknown}
 h - 3 scrolls of amnesia {unknown}
 n - 2 scrolls of fog {unknown}
 p - a scroll of enchant weapon {unknown}
 u - 3 scrolls of teleportation {unknown}
 v - a scroll of fear {unknown}
 w - 2 scrolls of blinking {unknown}
Potions
 d - a potion of might
 i - 3 potions of lignification {unknown}
 m - 2 potions of brilliance {unknown}
 o - 2 potions of curing {unknown}
 x - a potion of stabbing {unknown}
 A - a potion of mutation {unknown}
 B - a potion of heal wounds {unknown}
 C - a potion of berserk rage {unknown}
Comestibles
 f - 7 rations
 D - 5 chunks of flesh


   Skills:
 * Level 5.1 Fighting
 - Level 5.3 Long Blades
 - Level 7.1 Armour
 - Level 4.3 Dodging
 - Level 3.6 Shields


You had 6 spell levels left.
You didn't know any spells.
Your spell library contained the following spells:

 Spells                   Type           Power        Failure   Level  Hunger
 Animate Skeleton         Necr           N/A          88%         1    ##.....
 Pain                     Necr           #...         88%         1    ##.....
 Vampiric Draining        Necr           #.........   99%         3    ####...
 Animate Dead             Necr           N/A          100%        4    #####..
 Agony                    Necr           #.......     100%        5    ######.


Dungeon Overview and Level Annotations

Branches:
Dungeon (6/15)
 Temple: D:4-7

Altars:
Ashenzari
Elyvilon
Fedhas
Makhleb
Yredelemnul
The Shining One

Annotations:
D:6 Maggie


Innate Abilities, Weirdness & Mutations

You reflexively headbutt those who attack you in melee.
You have a pair of horns on your head.


Message History

You closely miss the bullfrog.
The bullfrog is heavily wounded.
You block the bullfrog's attack.
The bullfrog hits you but does no damage.
The ogre hits you with a +0 giant club!
* * * LOW HITPOINT WARNING * * *
You barely miss the bullfrog.
The bullfrog is heavily wounded.
The bullfrog hits you but does no damage.
You block the bullfrog's attack. The ogre hits you with a +0 giant club.
* * * LOW HITPOINT WARNING * * *
You feel very mighty all of a sudden.
The bullfrog hits you but does no damage.
Unknown command.
Unknown command.
You slash the ogre! You headbutt the ogre!
The ogre is severely wounded.
The bullfrog hits you but does no damage.
The ogre hits you with a +0 giant club!!
You die...

....# #.#...≈≈♣≈≈.....≈≈_≈≈.
###.# #.##..≈≈≈≈≈.....≈≈≈≈≈. #
#.# ####.##...≈≈≈...♣...≈≈≈.. #
#.# #..<.###.......♣♣♣....... #
#.# #.#### ##.....♣♣ ♣♣.....♣ #
#.# ###.######.....♣♣ ♣♣♣.♣♣♣ #
#.# #..........##### ♣♣♣ # #.#
#.#.######O# # #.# #.#.# #@# #
#.# #.#.# #F# ############## #
#.# #.#.######.###............. #
#.###.#.#...........>.########.
###.......#.####..##.##.########.
.######......###..##.##........##
## #....#......##.#########.# #
#.####'####.##.# #.#
#.##♣...♣##.##.# #.##


You could see an ogre and a bullfrog.

Vanquished Creatures
  Grinder (D:3)
  An ogre (D:5)
  2 bullfrogs (D:6)
  A crimson imp (D:5)
  Crazy Yiuf (D:3)
  Natasha (thrice) (D:2)
  Robin (D:3)
  4 gnolls (D:4)
  5 adders
  An ooze (D:4)
  2 worms (D:3)
  3 dart slugs
  4 leopard geckos
  2 orcs
  A ball python (D:3)
  11 bats
  3 giant cockroaches
  12 goblins
  9 hobgoblins
  5 jackals
  4 frilled lizards
  4 kobolds
  A leopard gecko skeleton (D:5)
  A quokka skeleton (D:5)
  A quokka zombie (D:5)
  4 rats
87 creatures vanquished.

Notes
Turn   | Place    | Note
-------+----------+-------------------------------------------
     0 | D:1      | gruber the Minotaur Fighter began the quest for the Orb.
     0 | D:1      | Reached XP level 1. HP: 19/19 MP: 0/0
   258 | D:1      | Reached XP level 2. HP: 26/26 MP: 1/1
   963 | D:2      | Reached XP level 3. HP: 31/31 MP: 2/2
  1208 | D:2      | Noticed Natasha
  1214 | D:2      | Killed Natasha
  1214 | D:2      | Reached skill level 5 in Long Blades
  1214 | D:2      | Reached XP level 4. HP: 29/39 MP: 3/3
  1262 | D:2      | Noticed Natasha
  1268 | D:2      | Killed Natasha
  1268 | D:2      | Reached skill level 4 in Armour
  1291 | D:2      | Noticed Natasha
  1296 | D:2      | Killed Natasha
  1420 | D:2      | Reached skill level 5 in Armour
  1420 | D:2      | Reached XP level 5. HP: 45/45 MP: 4/4
  1498 | D:2      | Found a shattered altar of Ashenzari.
  1818 | D:3      | Noticed Grinder
  1829 | D:3      | Killed Grinder
  1829 | D:3      | Reached skill level 7 in Armour
  1829 | D:3      | Reached XP level 6. HP: 26/51 MP: 5/5
  1991 | D:3      | Found a runed translucent door.
  1992 | D:3      | Noticed Crazy Yiuf
  2094 | D:3      | Noticed Robin
  2100 | D:3      | Killed Robin
  2112 | D:3      | Reached skill level 1 in Dodging
  2758 | D:3      | Killed Crazy Yiuf
  3619 | D:4      | Found a basalt altar of Yredelemnul.
  3702 | D:4      | Found a burning altar of Makhleb.
  3702 | D:4      | Noticed a balrug
  3826 | D:5      | Entered Level 5 of the Dungeon
  3904 | D:5      | Found a white marble altar of Elyvilon.
  3998 | D:5      | Found a blossoming altar of Fedhas.
  4049 | D:5      | Found a glowing golden altar of the Shining One.
  4262 | D:5      | Reached XP level 7. HP: 37/57 MP: 6/6
  4663 | D:6      | Reached skill level 5 in Fighting
  4797 | D:6      | Noticed Maggie
  4809 | D:5      | Mangled by an ogre

Illustrated notes

Levels and vault maps discovered:
D:1:      lemuel_arrival_room, layout_loops_ring
D:2:      layout_basic, ashenzari_altar_1, minmay_tiny_reverse_x, uniq_natasha
D:3:      layout_loops_ring, first_ration, minmay_cupped, uniq_robin,
          uniq_crazy_yiuf_cottage, uniq_grinder
D:4:      layout_basic, marbit_many_paths, makhleb_altar_promises_db
D:5:      layout_loops_ring, elyvilon_altar_3, tso_altar, basic_altar
D:6:      cheibrodos_fzero, layout_basic, kennysheep_mini_moat,
          nicolae_gozag_seed_capital, temple_pool_b, uniq_maggie

Skill      XL: |  1  2  3  4  5  6  7 |
---------------+----------------------+-----
Long Blades    | 3 4 5 |  5.3
Armour         | 5 7 |  7.1
Dodging        | 4 |  4.3
Fighting       | 5 |  5.1
Shields        | |  3.6

Action                   |  1- 3 |  4- 6 |  7- 9 || total
-------------------------+-------+-------+-------++-------
Melee: Long sword        |    66 |   138 |    36 ||   240
       Headbutt          |     7 |    16 |     4 ||    27
  Use: Potion            |       |       |     1 ||     1
  Eat: Chunk             |     1 |     8 |       ||     9
       Ration            |       |       |     1 ||     1
Armor: Scale mail        |    46 |    43 |    35 ||   124
Dodge: Dodged            |    13 |    41 |    23 ||    77
Block: Kite shield       |    37 |    53 |    25 ||   115
       Rpst.: Long sword |     5 |    12 |    10 ||    27
